 Dungeon Crawl Stone Soup version 0.27.1-33-g824d729ab1 (webtiles) character file.

Game seed: 8683555775181551070

39 zeram the Poker (level 3, -4/29 HPs)
             Began as a Merfolk Fighter on Dec 23, 2021.
             Shot with an arrow by a centaur (9 damage)
             ... on level 3 of the Dungeon.
             The game lasted 00:01:31 (1526 turns).

zeram the Poker (Merfolk Fighter)                   Turns: 1526, Time: 00:01:31

Health: -4/29      AC:  7    Str: 16    XL:     3   Next: 47%
Magic:  3/3        EV:  7    Int:  8    God:
Gold:   56         SH:  9    Dex: 13    Spells: 2/2 levels left

rFire    . . .     SeeInvis .   a - +0 trident
rCold    . . .     Faith    .   c - +0 kite shield
rNeg     . . .     Spirit   .   b - +0 scale mail
rPois    .         Reflect  .   l - +0 helmet
rElec    .         Harm     .   (no cloak)
rCorr    .         Rampage  .   (no gloves)
Will     .....                  (no boots)
Stlth    ..........             (no amulet)
HPRegen  0.09/turn              (no ring)
MPRegen  0.08/turn              (no ring)

@: no status effects
A: (nimble swimmer 2), mertail
a: no special abilities


You were on level 3 of the Dungeon.
You visited 1 branch of the dungeon, and saw 3 of its levels.

You collected 56 gold pieces.

Inventory:

Hand Weapons
 a - a +0 trident (weapon)
Armour
 b - a +0 scale mail (worn)
 c - a +0 kite shield (worn)
 l - a +0 helmet (worn)
Scrolls
 e - a scroll of fear
 g - a scroll of amnesia
 h - a scroll of silence {unknown}
 i - a scroll of immolation {unknown}
 k - a scroll of noise {unknown}
Potions
 d - 2 potions of might
 j - 2 potions of degeneration


   Skills:
 - Level 3.2 Fighting
 + Level 4.1 Polearms
 - Level 2.3 Armour
 + Level 0.6 Dodging
 + Level 3.6 Shields


You had 2 spell levels left.
You didn't know any spells.
Your spell library was empty.

Dungeon Overview and Level Annotations

Branches:
Dungeon (3/15)

Altars:


Innate Abilities, Weirdness & Mutations

((You are quick and stealthy near water. (Stealth+, EV+, Speed+++)))
Your lower body shifts to a powerful aquatic tail in water.


Message History

Found an escape hatch in the ceiling.
The centaur shoots an arrow.
You block the arrow.
Found a scroll labelled JIARUEDGH EGULU.
The centaur shoots an arrow.
The arrow closely misses you.
The centaur shoots an arrow.
You block the arrow.
The centaur shoots an arrow.
You block the arrow.
The centaur shoots an arrow.
The arrow hits you.
The centaur shoots an arrow.
You block the arrow.
You reach to attack!
You hit the centaur but do no damage.
An orc comes into view. It is wielding a +0 flail.
The centaur unwields a +0 shortbow.
The centaur closely misses you.
The centaur kicks you but does no damage.
You closely miss the centaur.
The orc shouts!
You hear a shout! x3
You block the centaur's attack. The centaur barely misses you.
The centaur hits you. The centaur barely misses you.
You puncture the centaur!
The centaur is moderately wounded.
The centaur hits you. The centaur barely misses you.
You completely miss the centaur.
The centaur is moderately wounded.
The centaur hits you but does no damage.
The centaur kicks you but does no damage.
The centaur barely misses you. The centaur kicks you.
You are too injured to fight recklessly!
You are too injured to fight recklessly!
You are too injured to fight recklessly!
Unknown command.
You closely miss the orc.
The centaur hits you but does no damage.
The centaur closely misses you.
The centaur hits you but does no damage.
You block the centaur's attack. The centaur hits you.
The centaur kicks you but does no damage.
The orc hits you but does no damage. The centaur hits you.
* * * LOW HITPOINT WARNING * * *
The centaur barely misses you.
The centaur wields a +0 shortbow.
The centaur shoots an arrow.
The arrow hits you!
You die...

...... .....
....##
....###
#.#?..
###..<.
#.|...#
#....@#
#..c.!#
#...o.# #.
#.....# ...
#.....###...
##.....#.....
#...........#
##...?......#
#..>.......#


You could see a centaur and an orc.

Vanquished Creatures
  2 adders (D:2)
  A dart slug (D:2)
  3 ball pythons
  2 goblins
  4 hobgoblins
  4 kobolds
  4 rats (D:2)
20 creatures vanquished.

Vanquished Creatures (others)
  3 plants (D:2)
3 creatures vanquished.

Grand Total: 23 creatures vanquished

Notes
Turn   | Place    | Note
-------+----------+-------------------------------------------
     0 | D:1      | zeram the Merfolk Fighter began the quest for the Orb.
     0 | D:1      | Reached XP level 1. HP: 18/18 MP: 1/1
   567 | D:1      | Reached XP level 2. HP: 20/24 MP: 2/2
  1020 | D:2      | Reached XP level 3. HP: 23/29 MP: 3/3
  1118 | D:2      | Reached skill level 4 in Polearms
  1287 | D:2      | Found a faded altar of an unknown god.
  1514 | D:3      | Noticed a centaur
  1526 | D:3      | Shot with an arrow by a centaur

Illustrated notes

Levels and vault maps discovered:
D:1:      tarquinn_simple_flora_water_f, layout_loops_cross
D:2:      layout_rooms, ebering_ecumenical_altar_webs,
          hangedman_abyss_or_decor_lesser_grid, serial_bayou_lake_a
D:3:      layout_rooms, nicolae_hepliaklqana_monster_ancestors,
          mainiacjoe_overflow_surrounded_room

Skill      XL: |  1  2  3 |
---------------+----------+-----
Polearms       | 4 |  4.1
Fighting       | |  3.2
Armour         | |  2.3
Dodging        | |  0.6
Shields        | |  3.6

Action                   || total
-------------------------++-------
Melee: Trident           ||    75
  Use: Scroll            ||     3
Armor: Scale mail        ||    33
Dodge: Dodged            ||    25
Block: Kite shield       ||    36
